Map: Stasis LE

Players

drumhead

  • Race: Terran Terran
  • League: Master
  • Spawn Location: 1:00

Nordy - Winner!

  • Race: Protoss Protoss
  • League: Diamond
  • Spawn Location: 11:00

VOD

Have the link to the VOD?

Description

Time

  • Played on: Nov. 23, 2018, 4:14 p.m.
  • Length: 11:50
Show
View Real Time Build Order
Export as new Build Order

drumhead Terran 

Build Orders:  

Get SALT Encoding   

  12  0:00  SCV  
  13  0:13  SCV  
  14  0:17  Supply Depot  
  14  0:25  SCV  
  15  0:34  Refinery  
  15  0:39  SCV  
  16  0:45  Barracks  
  16  0:51  SCV  
  17  1:03  SCV  
  18  1:15  SCV  
  19  1:27  SCV  
  20  1:35  Marine  
  21  1:40  Orbital Command  
  21  1:50  Command Center  
  21  2:02  Factory  
  21  2:05  Marine  
  21  2:08  SCV  
  23  2:16  Supply Depot  
  23  2:23  Refinery  
  23  2:26  Barracks Reactor  
  23  2:38  SCV  
  23  2:42  Bunker  
  24  2:50  SCV  
  25  2:58  Factory Tech Lab  
  25  3:01  Orbital Command  
  25  3:02  SCV  
  26  3:06  Marine x2  
  28  3:14  SCV  
  28  3:18  Siege Tank  
  32  3:24  Marine  
  32  3:26  SCV  
  34  3:28  SCV  
  34  3:34  Starport  
  35  3:35  Marine  
  35  3:38  SCV  
  35  3:40  SCV  
  37  3:59  SCV  
  38  4:03  SCV  
  38  4:05  Siege Tank, Marine x2  
  44  4:11  SCV  
  44  4:16  SCV  
  46  4:17  Supply Depot, Medivac  
  46  4:23  SCV  
  49  4:24  Barracks  
  49  4:28  SCV, Barracks  
  50  4:31  Liberator  
  50  4:35  SCV  
  50  4:37  Siege Tank  
  54  4:40  SCV  
  54  4:44  Marine x2  
  57  4:47  SCV  
  57  4:52  SCV  
  62  5:07  Supply Depot  
  62  5:09  Supply Depot  
  62  5:13  Barracks Tech Lab  
  62  5:14  Barracks Tech Lab  
  62  5:19  Supply Depot  
  62  5:20  SCV x2, Siege Tank, Marine  
  68  5:26  Marine  
  69  5:32  SCV x2  
  69  5:33  Marine x2  
  69  5:35  Stimpack  
  73  5:38  Marine  
  74  5:44  Marine  
  75  5:50  Combat Shield, Marine  
  75  5:51  Marine, Barracks  
  75  5:54  Barracks  
  75  5:55  Marine  
  78  6:02  Marine  
  79  6:04  Engineering Bay  
  79  6:08  Supply Depot, Marine x2  
  79  6:09  Supply Depot, Medivac  
  83  6:13  Marine  
  84  6:19  Marine  
  85  6:26  Marine x2  
  80  6:52  Marine x2  
  80  6:53  Medivac  
  84  6:54  Barracks Reactor x2  
  84  6:58  Marine  
  84  6:59  Marine  
  86  7:14  Marine x2  
  88  7:16  Marine x2  
  90  7:23  Medivac  
  90  7:26  Command Center  
  92  7:30  Marine x3  
  92  7:31  Marine  
  92  7:32  Marine x2  
  92  7:34  Marine x2  
  92  7:36  Liberator  
  100  7:48  Marine x3  
  100  7:49  Marine  
  100  7:50  Marine x2  
  97  7:52  Marine  
  97  7:57  Marine  
  95  8:01  Siege Tank  
  95  8:03  SCV  
  99  8:05  Marine  
  99  8:06  Marine  
  99  8:08  Marine x4  
  99  8:09  Refinery x2  
  99  8:10  Marine  
  106  8:15  Marauder  
  108  8:23  Marine x2  
  110  8:29  Marine  
  110  8:31  Marine x4  
  110  8:33  Siege Tank  
  107  8:36  Marine  
  103  8:41  Marine  
  103  8:43  Orbital Command  
  103  8:44  Marine  
  103  8:47  Marine  
  106  8:48  Marine  
  107  8:58  Marine x4  
  107  8:59  Marine  
  107  9:01  Marine  
  113  9:05  SCV x2, Siege Tank  
  118  9:16  Marauder x2  
  92  9:33  Marine x3  
  92  9:37  Medivac  
  92  9:38  SCV, Marauder  
  98  9:40  Orbital Command, SCV  
  98  9:42  Marine  
  98  9:43  Marine, Marauder  
  104  9:45  Terran Infantry Weapons Level 1  
  104  9:51  SCV  
  102  9:57  Marine x3  
  102  9:59  Marauder  
  103  10:02  Marine  
  103  10:03  Marine  
  103  10:05  Marauder  
  101  10:09  Marine  
  101  10:10  Medivac  
  101  10:11  Concussive Shells  
  101  10:13  Siege Tank  
  107  10:14  Marine  
  107  10:15  Marine x2  
  107  10:18  SCV  
  107  10:20  Marine, Marauder  
  114  10:26  Marauder  
  108  10:42  Marauder  
  84  10:47  Marauder  
  84  10:49  Marine  
  82  10:50  Marine  
  82  10:53  Marine x2  
  82  10:55  Starport Reactor  
  82  10:56  SCV  
  87  10:58  SCV x2  
  87  11:03  Marauder  
  89  11:05  Ghost Academy  
  89  11:09  Marauder  
  80  11:24  Marine x3  
  80  11:25  Marauder  
  66  11:26  Marine x3  
Show
View Real Time Build Order
Export as new Build Order

Nordy Protoss - Winner!

Build Orders: 1 Gate Expand, Blink Stalkers 

Get SALT Encoding   

  12  0:01  Probe  
  13  0:13  Probe  
  14  0:18  Pylon  
  14  0:25  Probe  
  15  0:34  Probe  
  15  0:38  Gateway  
  15  0:42  Probe  
  16  0:49  Assimilator  
  17  0:51  Probe  
  18  1:03  Probe  
  19  1:15  Probe  
  20  1:29  Nexus  
  20  1:39  Cybernetics Core  
  20  1:42  Probe  
  21  1:47  Assimilator  
  21  1:55  Pylon  
  21  1:56  Probe  
  22  2:07  Adept  
  22  2:08  Probe  
  23  2:18  Warp Gate  
  23  2:22  Probe  
  26  2:33  Twilight Council, Stalker  
  28  2:38  Probe  
  28  2:41  Probe  
  30  2:49  Probe  
  31  2:52  Probe  
  31  2:57  Gateway, Blink  
  31  2:58  Probe  
  32  3:00  Probe  
  34  3:06  Probe  
  34  3:08  Probe  
  36  3:22  Probe  
  36  3:23  Probe  
  38  3:28  Pylon  
  38  3:34  Probe  
  39  3:35  Probe  
  40  3:46  Probe  
  40  3:47  Probe  
  42  3:55  Stalker  
  42  3:56  Stalker  
  42  3:58  Probe  
  42  3:59  Probe  
  42  4:01  Robotics Facility  
  46  4:07  Assimilator  
  46  4:09  Assimilator  
  46  4:10  Probe  
  46  4:11  Probe  
  48  4:19  Shield Battery  
  48  4:22  Probe  
  48  4:23  Probe  
  50  4:31  Gateway  
  50  4:32  Gateway  
  50  4:35  Gateway  
  50  4:36  Stalker  
  52  4:39  Stalker  
  54  4:51  Pylon  
  54  4:53  Charge  
  54  4:56  Pylon  
  54  4:59  Pylon  
  54  5:09  Probe x2  
  54  5:13  Nexus  
  56  5:15  Pylon  
  56  5:23  Zealot  
  56  5:26  Probe x2  
  61  5:28  Observer  
  61  5:32  Forge  
  61  5:35  Forge  
  61  5:38  Probe x2  
  63  5:44  Zealot x2  
  67  5:50  Templar Archives  
  67  5:56  Probe  
  67  5:57  Probe, Protoss Ground Weapons Level 1  
  67  5:58  Protoss Ground Armor Level 1  
  67  5:59  Zealot  
  67  6:00  Zealot  
  71  6:09  Probe  
  72  6:23  Zealot x3  
  72  6:24  Zealot x2  
  76  6:50  Zealot  
  76  6:51  Zealot x4  
  82  7:07  Psionic Storm  
  80  7:12  Stalker x2  
  80  7:13  Gateway, Stalker x2  
  80  7:14  Gateway  
  87  7:15  Gateway  
  87  7:16  Gateway  
  87  7:30  Stalker  
  87  7:35  Shield Battery  
  89  7:38  Shield Battery  
  89  7:39  Stalker x2  
  89  7:43  Pylon  
  85  7:58  Stalker x3  
  87  8:00  Observer  
  87  8:05  Protoss Ground Weapons Level 2, Pylon  
  92  8:06  Pylon  
  92  8:18  High Templar x4  
  100  8:25  High Templar  
  92  8:34  Pylon  
  92  8:35  Pylon  
  92  8:39  Zealot x4  
  92  8:40  Probe  
  92  8:41  Probe  
  96  8:45  Assimilator  
  96  8:47  Assimilator  
  96  9:05  Zealot x3  
  96  9:06  Zealot x2  
  78  9:33  Zealot x2  
  78  9:34  Zealot x5  
  78  9:35  Zealot x2  
  93  9:38  Probe x3  
  95  9:47  Gateway  
  95  9:49  Gateway  
  89  9:54  Gateway  
  89  9:56  High Templar x2  
  89  9:57  High Templar x4  
  89  9:58  High Templar x3  
  105  10:03  Archon  
  95  10:20  Gateway  
  95  10:32  Zealot x5  
  95  10:33  Zealot x4  
  107  10:39  Warp Prism  
  101  10:52  Zealot  
  101  10:53  Zealot x6  
  101  10:54  Zealot  
  97  11:42  Zealot  
  97  11:43  Zealot x5  
  97  11:44  Zealot x4  
  97  11:45  Zealot x3  
Tags
 
Add a new tag
Caveats
  • Supply blocks, unpowered buildings, or Contaminate may cause inaccurate times.
  • Supply counts are checked every 10 seconds.